 Dungeon Crawl Stone Soup version 0.19-a0-1654-g9d3f708 (webtiles) character file.

13619 Amnesiac the Prestidigitator (level 11, -5/70 HPs)
             Began as a Mummy Artificer on Sept 20, 2016.
             Was an Initiate of Gozag.
             Killed from afar by a gargoyle (14 damage)
             ... with a stone arrow
             ... on level 11 of the Dungeon.
             The game lasted 00:31:47 (18531 turns).

Amnesiac the Prestidigitator (Mummy Artificer)     Turns: 18531, Time: 00:31:48

Health: -5/70      AC: 17    Str: 16    XL:     11   Next: 78%
Magic:  19/19      EV:  4    Int: 15    God:    Gozag
Gold:   1149       SH: 13    Dex: 18    Spells: 0 memorised, 10 levels left

rFire  . . .     SeeInvis .     s - +2 rapier (elec)
rCold  + . .     Gourm    .     a - +0 plate armour
rNeg   + + +     Faith    .     p - +0 shield
rPois  ∞         Spirit   .     g - +0 helmet
rElec  .         Dismiss  .     z - +0 cloak
rCorr  +         Reflect  +     (no gloves)
MR     +++++     Harm     .     C - +1 pair of boots of the Thoughtful Suns {-Cast rC- MR+++ Dex+3}
Stlth  .......... NoCast   +    I - amulet of Qesietya {Reflect rC+ MR+ Int+4 Slay+2 SH+2}
                                u - ring of resist corrosion
                                l - ring of protection from fire

@: no status effects
A: no food or potions, fire vulnerability, cold resistance 1, negative energy
resistance 3, torment resistance, unbreathing
a: Potion Petition, Call Merchant, Bribe Branch, Renounce Religion


You were on level 11 of the Dungeon.
You worshipped Gozag.
Gozag was most pleased with you.
You were not hungry.

You visited 1 branch of the dungeon, and saw 11 of its levels.
You also visited: Ossuary and Bailey.

You collected 3222 gold pieces.
You spent 614 gold pieces at shops.
You paid 1459 gold pieces to Gozag.

Inventory:

Hand Weapons
 s - a +2 rapier of electrocution (weapon)
 v - a +1 dagger of venom
 L - a +2 dagger of chaos
Missiles
 h - 8 curare-tipped needles
Armour
 a - a +0 plate armour (worn)
 g - a +0 helmet (worn)
 p - a +0 shield (worn)
 z - a +0 cloak (worn)
 C - the +1 pair of boots of the Thoughtful Suns (worn) {-Cast rC- MR+++ Dex+3}
   (You found it in a bailey)

   It affects your dexterity (+3).
   It makes you vulnerable to cold.
   It affects your resistance to hostile enchantments.
   It prevents spellcasting.
 K - a +2 robe of magic resistance
Jewellery
 l - a ring of protection from fire (left hand)
 u - a ring of resist corrosion (right hand)
 w - an uncursed ring of ice
 I - the amulet of Qesietya (around neck) {Reflect rC+ MR+ Int+4 Slay+2 SH+2}
   (You bought it in a shop on level 7 of the Dungeon)

   [amulet of reflection]

   It shields you and reflects attacks.
   It affects your intelligence (+4).
   It affects your accuracy and damage with ranged weapons and melee attacks
   (+2).
   It protects you from cold.
   It affects your resistance to hostile enchantments.
   It affects your SH (+2).
Wands
 c - a wand of flame (0/48)
 d - a wand of enslavement (3/24)
 e - a wand of random effects (11/48)
 i - a wand of flame (0/48)
 n - a wand of flame (0/48)
 t - a wand of iceblast (0/15)
 D - a wand of random effects (1/48)
 F - a wand of lightning (0/15)
 J - a wand of acid (7/15)
 M - a wand of flame (19/48)
Scrolls
 b - a scroll of silence
 f - 3 scrolls of teleportation
 j - 5 scrolls of identify
 k - 3 scrolls of recharging
 m - 4 scrolls of enchant weapon
 q - 4 scrolls of magic mapping
 r - 6 scrolls of remove curse
 y - 2 scrolls of blinking
 E - 2 scrolls of amnesia
 G - a scroll of enchant armour
 H - 2 scrolls of torment
Books
 o - a book of Battle

   Spells                             Type                      Level
   a - Infusion                       Charms                       1
   b - Shroud of Golubria             Charms/Translocation         2
   c - Song of Slaying                Charms                       2
   d - Spectral Weapon                Hexes/Charms                 3
   e - Regeneration                   Charms/Necromancy            3
 x - a book of the Earth

   Spells                             Type                      Level
   a - Leda's Liquefaction            Hexes/Earth                  4
   b - Bolt of Magma                  Conjuration/Fire/Earth       5
   c - Statue Form                    Transmutation/Earth          6
   d - Iron Shot                      Conjuration/Earth            6
   e - Shatter                        Earth                        9
 B - a book of Minor Magic

   Spells                             Type                      Level
   a - Magic Dart                     Conjuration                  1
   b - Blink                          Translocation                2
   c - Call Imp                       Summoning                    2
   d - Repel Missiles                 Charms/Air                   2
   e - Slow                           Hexes                        2
   f - Conjure Flame                  Conjuration/Fire             3
   g - Mephitic Cloud                 Conjuration/Poison/Air       3
Miscellaneous
 A - a box of beasts


   Skills:
 - Level 1.0 Fighting
 - Level 0.8 Short Blades
 - Level 6.6 Armour
 - Level 1.5 Dodging
 - Level 0.7 Stealth
 - Level 9.0 Shields
 + Level 11.7 Evocations


You had 10 spell levels left.
You didn't know any spells.

Dungeon Overview and Level Annotations

Branches:
Dungeon (11/15)            Temple (0/1) D:7            Lair (0/6) D:11
    Orc: D:9-12

Altars:
Ashenzari
Cheibriados
Elyvilon
Fedhas
Gozag
Kikubaaqudgha
Makhleb
Nemelex Xobeh
Ru
Trog
Xom
Yredelemnul
Zin
The Shining One

Shops:
D:4 ?   D:7 =   D:8 :   D:10 *


Innate Abilities, Weirdness & Mutations

You do not eat or drink.
Your flesh is vulnerable to fire.
You are immune to poison.
Your flesh is cold resistant. (rC+)
You are immune to negative energy. (rN+++)
You are immune to unholy pain and torment.
You can survive without breathing.


Message History

Your plate armour prevents you from hitting the gargoyle.
The gargoyle is moderately damaged.
The gargoyle hurls a stone arrow at you.
The stone arrow hits you! You block the orc zombie's attack.
You hit the gargoyle but do no damage.
The gargoyle is moderately damaged.
The gargoyle hits you with a mace.
The orc zombie hits you but does no damage.
You hit the gargoyle but do no damage.
The gargoyle is moderately damaged.
You block the gargoyle's attack. You block the orc zombie's attack.
You block the gargoyle's attack.
There is an open door here.
The gargoyle hurls a stone arrow at you.
The stone arrow hits you!
* * * LOW HITPOINT WARNING * * *
The gargoyle hurls a stone arrow at you.
The stone arrow hits you!
You die...
Your body crumbles into a pile of gold.

#.#...# #)# # #.#...# #(###
.###.#().# #...#
.....#..)#################.#
..(....(.(()...............#
...(.#...).....#############
.....#.........#
#.##.#.........#####
............).Z9@..#
.#.#.#.........###.#
.#.#.#.........# #.#
.#'#'#.........# #.#
..............$# #.#
...............# #.#
...............# #.#
....>).........# #.#
..........(....# #.#


You could see a gargoyle and an orc zombie.

Vanquished Creatures
  Fannar (D:10)
  The ghost of Alarkh the Carver, a novice HuSk of Okawaru (D:8)
  3 hill giants
  A swamp dragon (Bailey)
  A manticore (D:11)
  An ugly thing (D:11)
  Psyche (D:11)
  A merfolk (D:10)
  5 orc warriors (Bailey)
  A troll (D:11)
  2 hippogriffs
  15 yaks
  A vampire (D:10)
  A wyvern (D:8)
  A hungry ghost (D:8)
  Menkaure (D:6)
  A soldier ant (D:11)
  4 sky beasts
  3 ice beasts
  A necrophage (D:9)
  8 centaurs
  3 ogres
  A crocodile (D:9)
  6 big kobolds
  4 bullfrogs
  2 elf skeletons (D:8)
  2 scorpions
  A wyvern skeleton (D:10)
  3 killer bees (D:9)
  9 wights
  3 centaur zombies
  A howler monkey (D:9)
  6 crimson imps
  A quasit (D:8)
  2 bullfrog zombies
  3 orc priests
  5 hounds
  2 jellies
  Crazy Yiuf (D:5)
  A centaur skeleton (D:3)
  10 orc wizards
  2 human skeletons (D:8)
  5 iguanas
  8 worker ants
  4 ogre zombies
  A big kobold zombie (Ossuary)
  7 mummies (Ossuary)
  A worker ant zombie (D:5)
  Robin (D:3)
  9 gnolls
  6 adders
  3 shadow imps
  2 oozes
  6 adder zombies
  A worm (D:2)
  3 dart slugs
  7 leopard geckos
  55 orcs
  2 bat zombies (D:4)
  7 giant cockroaches
  A gnoll zombie (Ossuary)
  7 goblins
  12 hobgoblins
  18 jackals
  52 kobolds
  4 quokkas
  2 ball pythons
  5 bats
  7 frilled lizards
  3 goblin zombies (Ossuary)
  5 hobgoblin zombies (Ossuary)
  2 jackal skeletons
  2 kobold zombies (Ossuary)
  2 orc skeletons (D:8)
  2 orc zombies
  A quokka skeleton (D:8)
  A quokka zombie (Ossuary)
  8 rats
  8 rat zombies
  A plant (D:9)
393 creatures vanquished.

Vanquished Creatures (collateral kills)
  An elephant (D:11)
  An orc warrior (Bailey)
  A big kobold (D:11)
  An iguana (D:11)
  An orc (Bailey)
  4 kobolds (D:11)
9 creatures vanquished.

Vanquished Creatures (others)
  An orc warrior (Bailey)
  2 yaks (D:11)
  5 centaurs (D:11)
  An orc (Bailey)
  3 plants (D:9)
12 creatures vanquished.

Grand Total: 414 creatures vanquished

Notes
Turn   | Place    | Note
-------+----------+-------------------------------------------
     0 | D:1      | Amnesiac the Mummy Artificer began the quest for the Orb.
     0 | D:1      | Reached XP level 1. HP: 15/15 MP: 2/2
   316 | D:2      | Reached XP level 2. HP: 13/21 MP: 4/4
   437 | D:2      | Reached skill level 3 in Evocations
   467 | D:3      | Reached XP level 3. HP: 20/26 MP: 5/5
   548 | D:3      | Found a basalt altar of Yredelemnul.
  1358 | D:3      | Reached skill level 4 in Evocations
  1399 | D:3      | Reached XP level 4. HP: 32/32 MP: 7/7
  1627 | D:3      | Found a white marble altar of Elyvilon.
  1911 | D:4      | Reached XP level 5. HP: 8/37 MP: 8/8
  2214 | D:4      | Reached skill level 5 in Evocations
  2566 | D:4      | Reached XP level 6. HP: 34/43 MP: 8/10
  2599 | D:4      | Found Veyklien's Magic Scroll Boutique.
  2734 | D:4      | Found an ancient bone altar of Kikubaaqudgha.
  2872 | D:4      | Found a blossoming altar of Fedhas.
  3030 | D:5      | Entered Level 5 of the Dungeon
  3192 | D:5      | Found a runed door.
  3215 | D:5      | Reached skill level 6 in Evocations
  4029 | D:5      | Reached XP level 7. HP: 34/48 MP: 10/12
  4481 | D:6      | Reached skill level 7 in Evocations
  4701 | D:6      | Found an opulent altar of Gozag.
  4709 | D:6      | Became a worshipper of Gozag Ym Sagoz the Greedy
  4886 | D:3      | Found a sacrificial altar of Ru.
  6586 | D:3      | Noticed Robin
  6592 | D:3      | Reached skill level 8 in Evocations
  6593 | D:3      | Killed Robin
  6863 | D:5      | Noticed Crazy Yiuf
  6915 | D:6      | Found a bloodstained altar of Trog.
  6915 | D:6      | Noticed Menkaure
  6922 | D:6      | Killed Menkaure
  6922 | D:6      | Reached XP level 8. HP: 11/54 MP: 14/14
  8036 | D:5      | Killed Crazy Yiuf
  8036 | D:5      | Reached skill level 9 in Evocations
  8746 | D:6      | Found a glowing silver altar of Zin.
  8759 | D:6      | Found a glowing golden altar of the Shining One.
  8765 | D:6      | Found a bloodstained altar of Trog.
  8770 | D:6      | Found a snail-covered altar of Cheibriados.
  8782 | D:6      | Found a shattered altar of Ashenzari.
  8787 | D:6      | Found a burning altar of Makhleb.
  8968 | D:7      | Found a shimmering altar of Xom.
  9063 | D:7      | Reached skill level 10 in Evocations
  9316 | D:6      | Reached skill level 1 in Armour
  9316 | D:6      | Reached XP level 9. HP: 35/59 MP: 16/16
  9734 | D:7      | Found a staircase to the Ecumenical Temple.
  9957 | D:8      | Found a sand-covered staircase.
  9963 | Ossuary  | Entered an ossuary
 10827 | D:8      | Reached skill level 5 in Armour
 10848 | D:8      | Noticed Alarkh's ghost (novice HuSk)
 11163 | D:8      | Killed Alarkh's ghost
 11276 | D:8      | Reached skill level 1 in Shields
 11929 | D:8      | Found Efik's Book Boutique.
 11949 | D:8      | Reached XP level 10. HP: 65/65 MP: 17/17
 12659 | D:8      | You fall through a shaft!
 12971 | D:9      | Reached skill level 5 in Shields
 13312 | D:7      | Bought the amulet of Qesietya {Reflect rC+ MR+ Int+4 Slay+2 SH+2} for 614 gold pieces
 14371 | D:10     | Entered Level 10 of the Dungeon
 14454 | D:10     | Noticed a hill giant
 14463 | D:10     | Killed a hill giant
 14924 | D:10     | Found a basalt altar of Yredelemnul.
 14925 | D:10     | Noticed Fannar
 15031 | D:10     | Killed Fannar
 15031 | D:10     | Reached XP level 11. HP: 15/70 MP: 18/18
 15612 | D:10     | Noticed a hill giant
 15618 | D:10     | Killed a hill giant
 15859 | D:11     | Found a sparkling altar of Nemelex Xobeh.
 15970 | D:11     | Found a flagged portal.
 15980 | Bailey   | Entered a bailey
 16434 | Bailey   | Noticed an orc knight
 16756 | Bailey   | Noticed a swamp dragon
 16756 | Bailey   | an orc knight changed into a swamp dragon
 16769 | Bailey   | Killed a swamp dragon
 17032 | Bailey   | Got a pair of ichor-stained boots
 17038 | Bailey   | Identified the +1 pair of boots of the Thoughtful Suns {-Cast rC- MR+++ Dex+3} (You found it in a bailey)
 17471 | D:11     | Noticed a hill giant
 17508 | D:11     | Reached skill level 11 in Evocations
 17891 | D:11     | Found a staircase to the Lair.
 17892 | D:11     | Noticed Psyche
 17948 | D:11     | Killed a hill giant
 18077 | D:11     | Killed Psyche
 18092 | D:11     | Noticed a purple ugly thing
 18113 | D:11     | Killed a purple ugly thing
 18531 | D:11     | Killed from afar by a gargoyle

Vault maps used:
D:1:      sevenhm_arrival_forest_fort_small_6
D:2:      first_bread
D:3:      kennysheep_ying_yang, lemuel_crystal_altar, uniq_robin
D:4:      fedhas_altar_fruit_tree, lemuel_zombie_altar_kikubaaqudgha,
          serial_shops, nicolae_shop_stone
D:5:      uniq_crazy_yiuf_cottage
D:6:      grunt_temple_overflow_octagram, minmay_tree_intersection, bloody_trog,
          uniq_menkaure
D:7:      xom_butterflies
D:8:      serial_shops, nicolae_shop_waterfront, nicolae_ossuary_entry_catacombs
D:9:      kennysheep_kobold_camp
D:10:     basic_altar, hangedman_fish_farm, uniq_fannar
D:11:     david_lair_generic, zombieorc1_lemuel, enter_bailey_8,
          nemelex_xobeh_ov_fountains_minmay, uniq_psyche
Ossuary:  ossuary_boxes_badplayer
Bailey:   bailey_polearm_1, bailey

Skill      XL: |  1  2  3  4  5  6  7  8  9 10 11 |
---------------+----------------------------------+-----
Evocations     | 3 4 5 6 8 10 11 | 11.7
Armour         | 1 6 |  6.6
Shields        | 2 8 9 |  9.0
Fighting       | |  1.0
Short Blades   | |  0.8
Dodging        | |  1.5
Stealth        | |  0.7

Action                   |  1- 3 |  4- 6 |  7- 9 | 10-12 || total
-------------------------+-------+-------+-------+-------++-------
Melee: Falchion          |    82 |    98 |       |       ||   180
       Short sword       |     2 |       |       |       ||     2
       Rapier            |       |    89 |   696 |   667 ||  1452
Throw: Throwing net      |       |       |     1 |     4 ||     5
Invok: Call Merchant     |       |       |     1 |     1 ||     2
Evoke: Wand              |     3 |       |    16 |    60 ||    79
  Use: Scroll            |       |       |    14 |     4 ||    18
 Stab: Distracted        |       |       |     1 |     2 ||     3
       Paralysed         |       |       |       |     4 ||     4
Armor: Leather armour    |    24 |     2 |       |       ||    26
       Scale mail        |       |    55 |    42 |       ||    97
       Plate armour      |       |       |   516 |   379 ||   895
Dodge: Dodged            |    49 |    87 |   191 |    93 ||   420
Block: Shield            |       |       |       |   459 ||   459
       Reflection        |       |       |       |    34 ||    34
